 Dungeon Crawl Stone Soup version bcrawl-1.41.1 (webtiles) character file.

Game seed: 9016466115756475865

102143 Grimmash the Sneak (level 5, -9/38 HPs)
             Began as a Formicid Archaeologist on Apr 18, 2024.
             Mangled by an ogre
             ... wielding a cursed +0 giant club
              (17 damage)
             ... on level 4 of the Dungeon.
             The game lasted 00:02:56 (3050 turns).

Grimmash the Sneak (Formicid Archaeologist)         Turns: 3050, Time: 00:02:57

Health: -9/38      AC: 10    Str: 17    XL:     5   Next: 10%
Magic:  5/5        EV:  7    Int: 13    God:
Gold:   242        SH:  0    Dex:  9    Spells: 4/4 levels left

rFire    . . .     GDR:     22% a - +0 whip
rCold    . . .     SeeInvis +   (no shield)
rNeg     . . .     Gourm    .   q - +0 chain mail
rPois    .         Faith    .   (helmet unavailable)
rElec    .         Spirit   .   (no cloak)
rCorr    .         Reflect  .   (no gloves)
MR       .....                  d - +1 pair of boots
Stlth    ..........             (no amulet)
HPRegen  0.16/turn              v - ring of flight
MPRegen  0.09/turn              (no ring)

@: no status effects
A: permanent stasis, dig shafts and tunnels, four strong arms, antennae 3
a: Dig, Shaft Self, Evoke Flight


You were on level 4 of the Dungeon.
You were hungry.

You visited 1 branch of the dungeon, and saw 4 of its levels.

You collected 242 gold pieces.

Inventory:

Hand Weapons
 a - a +0 whip (weapon)
 b - a +0 blowgun
Missiles
 h - 6 curare-tipped needles
 l - 457 arrows
 p - 26 poisoned needles
 w - 76 javelins (quivered)
Armour
 d - a +1 pair of boots (worn)
 q - a +0 chain mail (worn)
Jewellery
 v - a ring of flight (left hand)
Scrolls
 f - 2 scrolls of revelation
 i - a scroll of identify
 j - 4 scrolls of amnesia {unknown}
 k - 4 scrolls of enchant armour {unknown}
 n - 4 scrolls of teleportation {unknown}
 o - 2 scrolls of remove curse {unknown}
 r - 2 scrolls of enchant weapon {unknown}
 x - a scroll of noise {unknown}
 y - a scroll of blinking {unknown}
Potions
 c - a potion of agility {unknown}
 m - a potion of brilliance {unknown}
 s - a potion of mutation {unknown}
 t - 2 potions of curing {unknown}
 u - a potion of heal wounds {unknown}
 z - a potion of berserk rage {unknown}
 A - a potion of ambrosia {unknown}
Miscellaneous
 g - a lightning rod (inert)
Comestibles
 e - 7 rations {!d}
 B - 2 chunks of flesh


   Skills:
 * Level 2.0 Fighting
 * Level 2.4 Maces & Flails
 * Level 1.6 Armour
 * Level 3.5 Dodging
 + Level 4.4 Stealth


You had 4 spell levels left.
You didn't know any spells.
Your spell library was empty.

Dungeon Overview and Level Annotations

Branches:
Dungeon (4/12)
 Temple: D:4-7

Altars:
Wu Jian


Innate Abilities, Weirdness & Mutations

You cannot be hasted, slowed, berserked, paralysed or teleported.
You can dig through walls and to a lower floor.
Your four strong arms can wield two-handed weapons with a shield.
You have a pair of large antennae on your head. (SInv)


Message History

You are too injured to fight recklessly!
You are too injured to fight recklessly!
You are too injured to fight recklessly!
You are too injured to fight recklessly!
No path to travel!
You closely miss the ogre.
The ogre is almost dead.
The ogre is no longer blind.
Your chain mail prevents you from hitting the ogre.
The ogre is almost dead.
The ogre hits you with a cursed +0 giant club.
You are feeling hungry.
You closely miss the ogre.
The ogre is almost dead.
The ogre hits you with a cursed +0 giant club.
* * * LOW HITPOINT WARNING * * *
You barely miss the ogre.
The ogre is almost dead.
The ogre hits you with a cursed +0 giant club!
You die...

#.##.##÷........####.
#.##.##÷##.......#
#.##.##.##.<....##
#.......######.##
########.#### #.#
#.........# #.#
#.######..# #+#
#.....# #.###@# #
#O.# #...# .....?
#.#...# #.##.## # ##


You could see an ogre.

Vanquished Creatures
  An orc wizard (D:3)
  2 adders
  An ooze (D:1)
  4 leopard geckos
  2 orcs
  3 bats (D:2)
  3 goblins
  11 hobgoblins
  6 jackals
  A ball python (D:2)
  4 frilled lizards
  8 kobolds
  6 rats
52 creatures vanquished.

Notes
Turn   | Place    | Note
-------+----------+-------------------------------------------
     0 | D:1      | Grimmash the Formicid Archaeologist began the quest for the
                  | Orb.
     0 | D:1      | Reached XP level 1. HP: 15/15 MP: 1/1
   158 | D:1      | Reached XP level 2. HP: 15/21 MP: 2/2
   685 | D:1      | Reached XP level 3. HP: 23/26 MP: 3/3
  1212 | D:2      | Reached XP level 4. HP: 20/32 MP: 4/4
  2235 | D:3      | Reached skill level 1 in Armour
  2553 | D:3      | Found an ornate altar of the Wu Jian Council.
  2583 | D:3      | Reached XP level 5. HP: 37/38 MP: 5/5
  2583 | D:3      | Identified a scroll of acquirement
  2583 | D:3      | Identified the amulet of Itiont {Acrobat rF++} (You
                  | acquired it on level 3 of the Dungeon)
  3040 | D:4      | Noticed an ogre
  3050 | D:4      | Mangled by an ogre

Skill      XL: |  1  2  3  4 |
---------------+-------------+-----
Dodging        | 3 |  3.5
Maces & Flails | 2 |  2.4
Armour         | 1 |  1.6
Fighting       | 2 |  2.0
Stealth        | |  4.4

Action                   |  1- 3 |  4- 6 || total
-------------------------+-------+-------++-------
Melee: Whip              |   109 |   144 ||   253
 Fire: Blowgun           |     1 |       ||     1
Throw: Javelin           |       |     5 ||     5
Evoke: Lightning rod     |       |     4 ||     4
  Use: Scroll            |       |     3 ||     3
 Stab: Sleeping          |     2 |       ||     2
  Eat: Chunk             |     4 |     6 ||    10
       Ration            |       |     1 ||     1
Armor: Robe              |    31 |       ||    31
       Chain mail        |    25 |    92 ||   117
Dodge: Dodged            |    66 |    69 ||   135
